AoeStats
← Bruno

Lombardia

508038163Analyzed
2v2 RM · 11d ago on Sep 20, 2026· 72m 26s· 4 players
Game mode
Random Map
Map size
Medium (4 player)
Population
200
Speed
Normal
Resources
Standard
Victory
Conquest
Starting age
Dark Age
Ending age
Imperial Age
RankedLock teamsTeams togetherTeam positionsShared explorationLock speedFull tech treeHidden civsTurbo modeCheats
Victory
Defeat
🇧🇷 Bulgarians · Brazil
980
+18
🇧🇷 Magyars · Brazil
968
+19
🇨🇿 Huns · Czechia
1032
-19
🇨🇿 Berbers · Czechia
1028
-18
Bruno
7:10 Loom
10:01 Feudal Age
10:31 Double-Bit Axe
10:28 Horse Collar
19:56 Castle Age
18:30 Forging
20:40 Gambesons
21:00 Scale Mail Armor
21:36 Iron Casting
21:21 Bow Saw
21:14 Heavy Plow
20:49 Elite Skirmisher
22:55 Squires
27:25 Stone Mining
27:26 Gold Mining
27:03 Pikeman
29:58 Stone Shaft Mining
31:46 Gold Shaft Mining
36:07 Imperial Age
34:31 Chain Mail Armor
35:16 Caravan
37:26 Conscription
36:40 Halberdier
42:18 Wheelbarrow
41:31 Town Watch
42:52 Blast Furnace
42:23 Plate Mail Armor
41:44 Fletching
43:06 Crop Rotation
57:47 Bagains
58:29 Hand Cart
59:52 Town Patrol
60:25 Capped Ram
61:44 Siege Ram
NiicKeD
6:30 Loom
10:08 Feudal Age
10:44 Double-Bit Axe
19:51 Castle Age
20:07 Bloodlines
21:14 Husbandry
21:41 Bow Saw
26:26 Wheelbarrow
25:37 Town Watch
26:27 Horse Collar
26:39 Gold Mining
31:28 Scale Barding Armor
32:40 Chain Barding Armor
34:00 Pikeman
35:45 Heavy Plow
39:27 Imperial Age
37:05 Corvinian Army
40:14 Padded Archer Armor
40:49 Plate Barding Armor
40:05 Fletching
42:08 Ballistics
42:49 Chemistry
42:20 Caravan
44:17 Conscription
44:44 Halberdier
45:34 Elite Magyar Huszar
46:47 Bodkin Arrow
46:53 Scale Mail Armor
53:30 Chain Mail Armor
58:55 Hoardings
Kotelnicek
10:31 Feudal Age
11:22 Double-Bit Axe
16:28 Castle Age
15:19 Loom
18:02 Forging
19:28 Bloodlines
20:28 Bow Saw
21:46 Iron Casting
26:09 Wheelbarrow
25:22 Horse Collar
25:40 Gold Mining
25:42 Stone Mining
26:51 Heavy Plow
28:44 Hand Cart
28:16 Town Watch
29:31 Husbandry
38:07 Imperial Age
36:30 Squires
35:51 Pikeman
36:53 Scale Barding Armor
38:11 Cavalier
38:12 Heavy Camel Rider
39:57 Blast Furnace
39:18 Chain Barding Armor
46:55 Conscription
46:41 Kasbah
60:41 Crop Rotation
60:55 Caravan
68:15 Ballistics
68:56 Chemistry
67:55 Fletching
68:41 Plate Barding Armor
68:09 Padded Archer Armor
67:37 Heavy Cavalry Archer
68:26 Thumb Ring
69:03 Elite Skirmisher
Zoidyzoid
10:44 Feudal Age
11:17 Loom
11:33 Double-Bit Axe
13:02 Loom
13:45 Horse Collar
18:08 Castle Age
17:25 Fletching
17:35 Padded Archer Armor
17:34 Stone Mining
27:07 Town Watch
28:24 Bodkin Arrow
29:46 Leather Archer Armor
29:34 Gold Mining
30:25 Ballistics
30:31 Heavy Plow
32:03 Bloodlines
31:54 Husbandry
37:50 Imperial Age
36:07 Wheelbarrow
41:07 Elite Tarkan
42:08 Conscription
41:12 Cavalier
41:54 Bracer
43:23 Chemistry
41:49 Heavy Cavalry Archer
42:55 Parthian Tactics
43:40 Thumb Ring
46:48 Paladin
47:38 Scale Barding Armor
47:43 Forging
50:23 Atheism
60:08 Guilds
60:00 Caravan
68:56 Pikeman
69:36 Squires
Connection lost

Rejoining the realm…

Still unreachable

The connection could not be restored.

Session expired

The server has moved on; the page needs a fresh start.